 Dungeon Crawl Stone Soup version 0.28.0-53-g5a82cb258f (webtiles) character file.

Game seed: 7977633589391824987

717 Fartwhistle the Insei (level 7, -1/52 HPs)
             Began as a Demonspawn Monk on June 1, 2022.
             Was an Elder of Makhleb.
             Slain by Sigmund
             ... wielding a +0 scythe
              (5 damage)
             ... on level 5 of the Dungeon.
             The game lasted 00:13:30 (6549 turns).

Fartwhistle the Insei (Demonspawn Monk)             Turns: 6549, Time: 00:13:31

Health: -1/52      AC:  8    Str: 13    XL:     7   Next: 42%
Magic:  7/7        EV: 16    Int: 12    God:    Makhleb [****..]
Gold:   313        SH:  0    Dex: 15    Spells: 6/6 levels left

rFire   . . .      SeeInvis .     - Unarmed
rCold   . . .      Faith    .   (no shield)
rNeg    . . .      Spirit   .   a - +0 robe
rPois   .          Reflect  .   f - +0 helmet
rElec   .          Harm     .   (no cloak)
rCorr   .          Rampage  .   o - +2 pair of gloves
Will    .....                   (no boots)
Stlth   ++........              (no amulet)
HPRegen 0.17/turn               d - +4 ring of evasion
MPRegen 0.10/turn               (no ring)

@: lethally poisoned (-1 -> -16), weak-willed
A: thin metallic scales 1, weakness stinger 2
a: Renounce Religion, Minor Destruction, Lesser Servant of Makhleb, Major
Destruction


You were on level 5 of the Dungeon.
You worshipped Makhleb.
Makhleb was greatly pleased with you.
You visited 1 branch of the dungeon, and saw 5 of its levels.

You collected 313 gold pieces.

Inventory:

Hand Weapons
 m - a +2 vampiric spear
Missiles
 b - 4 boomerangs (quivered)
Armour
 a - a +0 robe (worn)
 f - a +0 helmet (worn)
 o - a +2 pair of gloves (worn)
Jewellery
 d - a +4 ring of evasion (left hand)
Wands
 j - a wand of digging (4)
Scrolls
 c - a scroll of noise
 h - 6 scrolls of teleportation {unknown}
 l - a scroll of silence {unknown}
 p - 2 scrolls of identify
 q - a scroll of fear {unknown}
 r - a scroll of holy word {unknown}
 t - a scroll of blinking {unknown}
Potions
 g - a potion of brilliance {unknown}
 i - a potion of invisibility {unknown}
 k - a potion of ambrosia
 s - a potion of attraction {unknown}


   Skills:
 - Level 3.0 Fighting
 - Level 2.0 Throwing
 - Level 4.0 Armour
 - Level 2.6 Dodging
 - Level 1.7 Stealth
 + Level 6.1 Unarmed Combat
 + Level 1.1 Invocations
 + Level 0.8 Evocations


You had 6 spell levels left.
You didn't know any spells.
Your spell library was empty.

Dungeon Overview and Level Annotations

Branches:
Dungeon (5/15)
 Temple: D:4-7

Altars:
Elyvilon
Makhleb

Annotations:
D:5 Sigmund


Innate Abilities, Weirdness & Mutations

You are partially covered in thin metallic scales. (AC +2)
You have a tail ending in a sharp stinger.


Message History

The orange demon stings you from afar.
The ogre hits you with a +0 giant spiked club!!
* * * LOW HITPOINT WARNING * * *
Sigmund, an orc and an ice beast come into view.
Sigmund shouts!
The orc shouts!
You hear a shout!
The orc moves out of view.
An orc comes into view. It is wielding a +0 trident.
The orc shouts!
You hear a shout!
You hit the ogre but do no damage.
Your tail-slap misses the ogre.
The ogre is severely wounded.
An orc comes into view. It is wielding a +0 mace.
The ogre misses you.
You hit the ogre but do no damage.
The ogre is severely wounded.
Sigmund gestures at you while chanting.
You are confused.
The orange demon stings you but does no damage.
An adder comes into view.
Your magical effects are unravelling.
You feel magically purged.
You feel less confused. The ogre barely misses you.
The orange demon misses you.
The adder hisses angrily.
You hit the ogre.
The ogre is severely wounded.
Sigmund completely misses you. The ogre misses you.
An orc comes into view. It is wielding a +0 short sword.
The orange demon stings you from afar.
* * * LOW HITPOINT WARNING * * *
You are lethally poisoned!
The orange demon poisons you!
As you read the scroll labelled PAUXTI MOJUK, it crumbles to dust.
Magic quickly surges around you.
It was a scroll of vulnerability.
* * * LOW HITPOINT WARNING * * *
You feel very sick. The orange demon closely misses you.
The adder barely misses you.
The ogre hits you with a +0 giant spiked club.
* * * LOW HITPOINT WARNING * * *
Sigmund hits you from afar with a +0 scythe.
You die...

# .... ######.# ....
. #....#.###... ..
....... .... ..
#.##.####.##### oo
).............. o#
...........#######@.#
..............4O@S..#
......†....#######..#
......[.....# .#
..........#.# #
..........#..#
############.# .. #.#


You could see an orange demon (summoned, weak-willed), Sigmund (weak-willed), an
ogre (weak-willed), an adder (weak-willed) and 3 orcs.

Vanquished Creatures
  2 centaurs
  2 water moccasin skeletons
  3 hounds
  2 jellies
  4 orc wizards
  Terence (D:2)
  An iguana (D:4)
  A hound skeleton (D:4)
  Robin (D:2)
  An adder (D:5)
  A howler monkey skeleton (D:4)
  A worm (D:2)
  5 dart slugs
  12 orcs
  4 bats
  4 endoplasms
  3 giant cockroaches
  15 goblins
  8 hobgoblins
  4 quokkas
  7 ball pythons
  5 frilled lizards
  10 kobolds
  8 rats
105 creatures vanquished.

Vanquished Creatures (others)
  An orc (D:3)
1 creature vanquished.

Grand Total: 106 creatures vanquished

Notes
Turn   | Place    | Note
-------+----------+-------------------------------------------
     0 | D:1      | Fartwhistle the Demonspawn Monk began the quest for the
                  | Orb.
     0 | D:1      | Reached XP level 1. HP: 18/18 MP: 1/1
   202 | D:1      | Reached skill level 3 in Unarmed Combat
   417 | D:1      | Gained mutation: You have a small tail. [demonic ancestry]
   417 | D:1      | Reached XP level 2. HP: 9/24 MP: 2/2
  1120 | D:1      | Reached skill level 1 in Throwing
  1202 | D:1      | Found a faded altar of an unknown god.
  1255 | D:1      | Prayed at the altar of an unknown god.
  1255 | D:1      | Became a worshipper of Makhleb the Destroyer
  1255 | D:1      | Reached * piety under Makhleb
  1255 | D:1      | Reached ** piety under Makhleb
  1327 | D:1      | HP: 1/24 [ball python (2)]
  1499 | D:1      | Gained mutation: You have a tail ending in a sharp stinger.
                  | [demonic ancestry]
  1499 | D:1      | Reached XP level 3. HP: 16/29 MP: 3/3
  1847 | D:2      | Reached *** piety under Makhleb
  1859 | D:2      | Noticed Robin
  2186 | D:2      | Killed Robin
  2593 | D:2      | Gained mutation: You are partially covered in thin metallic
                  | scales. (AC +2) [demonic ancestry]
  2593 | D:2      | Reached XP level 4. HP: 35/35 MP: 4/4
  2960 | D:2      | Reached skill level 4 in Unarmed Combat
  2986 | D:2      | Noticed Terence
  3005 | D:2      | Killed Terence
  3684 | D:3      | Reached skill level 1 in Armour
  3684 | D:3      | Reached XP level 5. HP: 21/41 MP: 5/5
  4553 | D:4      | Reached **** piety under Makhleb
  4553 | D:4      | Noticed a centaur
  4855 | D:3      | Reached skill level 5 in Unarmed Combat
  5368 | D:4      | Reached XP level 6. HP: 43/47 MP: 6/6
  5994 | D:5      | Entered Level 5 of the Dungeon
  6094 | D:5      | Reached XP level 7. HP: 44/52 MP: 7/7
  6447 | D:5      | Reached skill level 6 in Unarmed Combat
  6502 | D:5      | Reached skill level 1 in Invocations
  6529 | D:5      | Noticed an orange demon
  6544 | D:5      | Noticed Sigmund
  6549 | D:5      | Slain by Sigmund

Illustrated notes

Levels and vault maps discovered:
D:1:      dpeg_arrival_rooms_a, layout_rooms,
          shapermc_ecumenical_altar_starsandcircs, nrook_mini_vaults,
          minmay_misc_feat_iff
D:2:      layout_basic, uniq_robin, uniq_terence
D:3:      layout_loops_cross
D:4:      layout_basic, nicolae_overflow_crystal_walls, minmay_diced_spiral
D:5:      layout_basic, uniq_sigmund

Skill      XL: |  1  2  3  4  5  6  7 |
---------------+----------------------+-----
Unarmed Combat | 3 4 5 6 |  6.1
Throwing       | 1 2 |  2.0
Armour         | 1 2 3 4 |  4.0
Invocations    | 1 |  1.1
Fighting       | |  3.0
Dodging        | |  2.6
Stealth        | |  1.7
Evocations     | |  0.8

Action                   |  1- 3 |  4- 6 |  7- 9 || total
-------------------------+-------+-------+-------++-------
Melee: Unarmed           |   163 |   224 |    64 ||   451
       Punch             |     3 |     9 |     2 ||    14
       Tailslap          |    15 |    30 |     6 ||    51
Throw: Boomerang         |     6 |     3 |       ||     9
Invok: Lesser Servant of |       |       |     1 ||     1
  Use: Potion            |     1 |     1 |     1 ||     3
       Scroll            |       |     4 |     1 ||     5
 Stab: Sleeping          |       |     4 |       ||     4
Armor: Robe              |    26 |    60 |    18 ||   104
Dodge: Dodged            |    95 |   170 |    63 ||   328
